 Dungeon Crawl Stone Soup version 0.31.0-9-g3a7656b989 (webtiles) character file.

Game seed: 15958821571383031417

98 qw the Shooter (level 4, -2/25 HPs)
             Began as a Deep Elf Hunter on Feb 2, 2024.
             Incinerated by a bombardier beetle (7 damage)
             ... with a burning spray
             ... on level 3 of the Dungeon.
             The game lasted 00:00:06 (1577 turns).

qw the Shooter (Deep Elf Hunter)                    Turns: 1577, Time: 00:00:07

Health: -2/25      AC:  9    Str:  7 (10) XL:     4   Next: 43%
Magic:  0/6        EV: 10    Int: 11 (14) God:
Gold:   125        SH:  0    Dex: 15 (18) Spells: 3/3 levels left

rFire   . . .        a - +0 shortbow
rCold   . . .        (shield currently unavailable)
rNeg    . . .        f - +0 ring mail
rPois   .            d - +1 helmet
rElec   .            (no cloak)
rCorr   .            (no gloves)
SInv    .            l - +1 pair of boots
Will    +....        m - amulet of guardian spirit
Stlth   +            j - ring of willpower
HPRegen 0.24/turn    (no ring)
MPRegen 0.10/turn

%: guardian spirit
@: on fire, glowing
A: no striking features
a: no special abilities


You were on level 3 of the Dungeon.
You visited 1 branch of the dungeon, and saw 3 of its levels.

You collected 125 gold pieces.


   Skills:
 - Level 1.5 Fighting
 + Level 7.9 Ranged Weapons
 - Level 2.4 Dodging
 - Level 1.2 Stealth


You had 3 spell levels left.
You didn't know any spells.
Your spell library was empty.

Inventory:

Hand Weapons
 a - a +0 shortbow (weapon)
Armour
 d - a +1 helmet (worn)
 f - a +0 ring mail (worn)
 l - a +1 pair of boots (worn)
Jewellery
 j - a ring of willpower (left hand)
 m - an amulet of guardian spirit (around neck)
Scrolls
 c - a scroll of identify
Potions
 b - a potion of heal wounds {unknown}
 e - a potion of might
 i - a potion of resistance {unknown}
 k - a potion of curing

Dungeon Overview and Level Annotations

Branches:
Dungeon (3/15)

Altars:


Message History

The arrow hits the bombardier beetle but does no damage.
A rat comes into view.
The bat hits you.
The bombardier beetle bites you but does no damage.
You shoot an arrow.
The arrow hits the bombardier beetle but does no damage.
The bat barely misses you.
You shoot an arrow. The arrow hits the bombardier beetle.
The bombardier beetle is lightly wounded.
The bat hits you but does no damage. The bombardier beetle bites you.
You shoot an arrow.
The arrow hits the bombardier beetle but does no damage.
The bombardier beetle is lightly wounded.
The bat hits you but does no damage.
The bombardier beetle sprays incendiary fluid at you.
The burning spray hits you.
You are covered in liquid fire!
You shoot an arrow. The arrow hits the bombardier beetle.
The bombardier beetle is moderately wounded.
The liquid fire burns you! The rat bites you.
The bombardier beetle barely misses you.
You shoot an arrow.
The arrow barely misses the bombardier beetle.
The liquid fire burns you! The rat misses you. The rat closely misses you.
You shoot an arrow.
The arrow hits the bombardier beetle but does no damage.
The bombardier beetle is moderately wounded.
The liquid fire burns you!
The bombardier beetle bites you but does no damage.
The rat closely misses you.
You shoot an arrow. The arrow hits the bombardier beetle.
The bombardier beetle is severely wounded.
The liquid fire burns you! The rat bites you but does no damage.
The bombardier beetle bites you.
You shoot an arrow.
The arrow barely misses the bombardier beetle.
The liquid fire burns you!
You die...

....#
#.....+..>#
....#
#.....###.#
....#
####### #.#
....# #.#
....# #.#
(...# #.#
.#### #.#
<###### #.#
......# #@#
#####.#
#rB....# .#
#.#
.b.##### .#
#.# ###.#
.####.# .#
......# .#
####### .#
..


You could see a bombardier beetle, a bat and a rat.

Vanquished Creatures
  Terence (D:2)
  An adder (D:3)
  A dart slug (D:3)
  2 ribbon worms (D:2)
  4 orcs (D:2)
  8 bats (D:1)
  4 endoplasms
  2 giant cockroaches (D:1)
  2 goblins
  6 hobgoblins
  4 jackals (D:2)
  A quokka (D:2)
  2 ball pythons
  6 frilled lizards
  7 rats
51 creatures vanquished.

Notes
Turn   | Place    | Note
-------+----------+-------------------------------------------
     0 | D:1      | qw the Deep Elf Hunter began the quest for the Orb.
     0 | D:1      | Reached XP level 1. HP: 12/12 MP: 3/3
     0 | D:1      | 0 ||| qw: Version: 0.3-a-155-g5e7d8dd
     0 | D:1      | 0 ||| qw: Game counter: 799
     0 | D:1      | 0 ||| qw: Melee chars always use a shield: true
     0 | D:1      | 0 ||| qw: God list: Okawaru
     0 | D:1      | 0 ||| qw: Allow faded altars: false
     0 | D:1      | 0 ||| qw: Do Orc after clearing Dungeon:15 true
     0 | D:1      | 0 ||| qw: Do second Lair branch before Depths: true
     0 | D:1      | 0 ||| qw: Lair rune preference: random
     0 | D:1      | 0 ||| qw: Goals: Normal
     0 | D:1      | 0 ||| PLANNING D:1-11
   116 | D:1      | Reached XP level 2. HP: 16/16 MP: 4/4
   118 | D:1      | Reached skill level 6 in Ranged Weapons
   604 | D:1      | 604 ||| UPGRADING to +1 helmet.
   609 | D:1      | 609 ||| UPGRADING to +1 pair of boots.
   614 | D:1      | 614 ||| UPGRADING to amulet of guardian spirit.
   619 | D:1      | 619 ||| UPGRADING to ring of willpower.
   620 | D:1      | 620 ||| READING scroll labelled YSCHEDE QEFY.
   620 | D:1      | 620 ||| IDENTIFYING coppery potion
   621 | D:1      | 621 ||| READING scroll labelled ZEARIA ZEKY.
   622 | D:1      | 622 ||| READING scroll labelled SEYCLO COAKKAS.
   623 | D:1      | 623 ||| DRINKING 2 viscous golden potions.
   624 | D:1      | 624 ||| DRINKING 3 purple potions.
   656 | D:1      | 656 ||| DROPPING scroll of butterflies.
   657 | D:1      | 657 ||| DROPPING 2 potions of lignification.
   658 | D:1      | 658 ||| DROPPING potion of ambrosia.
   684 | D:2      | Reached XP level 3. HP: 20/20 MP: 5/5
   747 | D:2      | Reached skill level 7 in Ranged Weapons
   753 | D:2      | 753 ||| FLEEEEING.
   754 | D:2      | 754 ||| FLEEEEING.
   755 | D:2      | 755 ||| FLEEEEING.
   936 | D:2      | Noticed Terence
   943 | D:2      | Killed Terence
   944 | D:2      | Reached XP level 4. HP: 20/25 MP: 4/6
  1331 | D:2      | 1331 ||| UPGRADING to +0 scale mail.
  1341 | D:2      | 1341 ||| DROPPING +0 leather armour.
  1342 | D:2      | 1342 ||| UPGRADING to +0 ring mail.
  1352 | D:2      | 1352 ||| DROPPING +0 scale mail.
  1353 | D:2      | 1353 ||| READING scroll labelled TOOXTO BEYKUA.
  1354 | D:2      | 1354 ||| READING scroll labelled YHOXKA PEEBAEJ.
  1386 | D:2      | 1386 ||| DRINKING 2 bubbling sapphire potions.
  1387 | D:2      | 1387 ||| DRINKING 2 metallic red potions.
  1388 | D:2      | 1388 ||| DROPPING potion of degeneration.
  1576 | D:3      | HP: 6/25 [burnt (2)]
  1577 | D:3      | Incinerated by a bombardier beetle

Levels and vault maps discovered:
D:1:      grunt_arrival_lava_bath, layout_basic, serial_glass, glass_columns_a,
          glass_columns_c
D:2:      layout_loops_ring, chequers_jeans, minmay_crystal_room, uniq_terence
D:3:      minmay_chambers_of_threes, layout_basic,
          nicolae_overflow_crystal_walls,
          hellmonk_ecumenical_altar_prayer_group, minmay_between, uniq_robin

Skill      XL: |  1  2  3 |
---------------+----------+-----
Ranged Weapons | 6 7 |  7.9
Fighting       | |  1.5
Dodging        | |  2.4
Stealth        | |  1.2

Action                     |  1- 3 |  4- 6 || total
---------------------------+-------+-------++-------
   Fire: Shortbow          |   124 |    42 ||   166
    Use: Scroll            |     3 |     2 ||     5
         Potion            |     2 |     2 ||     4
 Armour: Leather armour    |    32 |       ||    32
         Ring mail         |       |    13 ||    13
  Dodge: Dodged            |    45 |     8 ||    53

Table legend:
 A = Non-vault XP
 B = Vault XP
 C = Vault XP percentage of total XP
 D = Non-vault monster count
 E = Vault monster count
 F = Vault count percentage of total count
                 A         B        C        D         E       F
            +---------+---------+-------+---------+---------+-------
      Total |     104 |      36 |  25.7 |      50 |       1 |   2.0
            +---------+---------+-------+---------+---------+-------
        D:1 |      40 |       0 |   0.0 |      26 |       0 |   0.0
        D:2 |      42 |      36 |  46.2 |      19 |       1 |   5.0
        D:3 |      22 |       0 |   0.0 |       5 |       0 |   0.0
            +---------+---------+-------+---------+---------+-------
